 Dungeon Crawl Stone Soup version 0.25-a0-1118-g1a081956a1 (webtiles) character file.

Game seed: 4590755241597310828, levelgen mode: deterministic

43 P0NYSLAYSTATION the Cudgeler (level 3, -2/33 HPs)
             Began as a Minotaur Monk on May 17, 2020.
             Slain by a wyvern (13 damage)
             ... on level 4 of the Dungeon.
             The game lasted 00:05:53 (867 turns).

P0NYSLAYSTATION the Cudgeler (Minotaur Monk)         Turns: 867, Time: 00:05:53

Health: -2/33      AC:  5    Str: 16    XL:     3   Next: 37%
Magic:  2/2        EV: 12    Int:  7    God:
Gold:   50         SH:  0    Dex: 12    Spells: 2/2 levels left

rFire    . . .     SeeInvis .   a - +0 mace
rCold    . . .     Gourm    .   (no shield)
rNeg     . . .     Faith    .   e - +0 ring mail
rPois    .         Spirit   .   (helmet restricted)
rElec    .         Reflect  .   (no cloak)
rCorr    .         Harm     .   (no gloves)
MR       .....                  (no boots)
Stlth    +.........             (no amulet)
HPRegen  0.11/turn              (no ring)
MPRegen  0.08/turn              (no ring)

@: no status effects
A: retaliatory headbutt, horns 2
a: no special abilities


You were on level 4 of the Dungeon.
You were not hungry.

You visited 1 branch of the dungeon, and saw 4 of its levels.

You collected 50 gold pieces.

Inventory:

Hand Weapons
 a - a +0 mace (weapon)
 h - a +2 whip of pain
Missiles
 i - 8 boomerangs (quivered)
Armour
 b - a +0 robe
 e - a +0 ring mail (worn)
Scrolls
 d - a scroll of amnesia
 j - a scroll of teleportation {unknown}
 k - a scroll of fog {unknown}
Potions
 g - a potion of magic {unknown}
Comestibles
 c - 2 rations
 f - 4 chunks of flesh


   Skills:
 + Level 4.1 Fighting
 + Level 4.2 Maces & Flails
 * Level 1.2 Armour
 + Level 3.8 Dodging
 + Level 1.6 Stealth


You had 2 spell levels left.
You didn't know any spells.
Your spell library was empty.

Dungeon Overview and Level Annotations

Branches:
Dungeon (4/15)
 Temple: D:4-7

Altars:

Annotations:
D:3 3 runed translucent doors, Conn's ghost, weakling OpWz; PirateVox's ghost, amateur GnTm; Teror's ghost, amateur TeAE; kelmiir's ghost, amateur GnMo


Innate Abilities, Weirdness & Mutations

You reflexively headbutt those who attack you in melee.
You have a pair of horns on your head.


Message History

A wyvern comes into view.
The wyvern hisses angrily.
Found 14 stones.
The helpless quokka fails to defend itself.
You sock the quokka!
You kill the quokka!
You completely miss the wyvern. You headbutt the wyvern.
The wyvern is lightly wounded.
The wyvern closely misses you. The wyvern bites you.
You hit the wyvern.
The wyvern is lightly wounded.
The wyvern bites you.
You hit the wyvern.
You headbutt the wyvern, but do no damage.
The wyvern is moderately wounded.
The wyvern bites you! The wyvern barely misses you.
You hit the wyvern but do no damage.
The wyvern is moderately wounded.
The wyvern bites you!
You die...

. .. ...
############
...##..........#
...>..........(#
#..@l......#
#.<........#
#..........#
#..........#
#..........#
##.######### ..#
.###


You could see a wyvern.

Vanquished Creatures
  A gnoll (D:3)
  An adder (D:2)
  A dart slug (D:2)
  An orc (D:3)
  A giant cockroach (D:2)
  5 goblins
  2 hobgoblins
  A quokka (D:4)
  A ball python (D:2)
  A bat (D:2)
  2 frilled lizards
  3 kobolds
  2 rats (D:2)
22 creatures vanquished.

Notes
Turn   | Place    | Note
-------+----------+-------------------------------------------
     0 | D:1      | P0NYSLAYSTATION the Minotaur Monk began the quest for the
                  | Orb.
     0 | D:1      | Reached XP level 1. HP: 19/19 MP: 0/0
   232 | D:2      | Reached XP level 2. HP: 14/27 MP: 1/1
   483 | D:2      | Reached skill level 1 in Armour
   580 | D:3      | Found a runed translucent gate.
   580 | D:3      | Found a runed translucent gate.
   590 | D:3      | Reached XP level 3. HP: 18/33 MP: 2/2
   722 | D:3      | Found a runed translucent gate.
   725 | D:3      | Noticed Teror's ghost (amateur TeAE)
   725 | D:3      | Noticed kelmiir's ghost (amateur GnMo)
   726 | D:3      | Noticed PirateVox's ghost (amateur GnTm)
   726 | D:3      | Noticed Conn's ghost (weakling OpWz)
   860 | D:4      | Noticed a wyvern
   867 | D:4      | Slain by a wyvern

Illustrated notes

Levels and vault maps discovered:
D:1:      dpeg_arrival_connections, layout_basic
D:2:      layout_loops_ring
D:3:      layout_loops_corners, lemuel_doored_altar, gammafunk_ghost_cemetery,
          grunt_ministairs_4, chequers_serial_rivers_micro_e,
          uniq_crazy_yiuf_cottage
D:4:      layout_rooms, minmay_temple_entry_crystal_x, first_ration

Skill      XL: |  1  2 |
---------------+-------+-----
Armour         | 1 |  1.2
Maces & Flails | 4 |  4.2
Fighting       | 4 |  4.1
Dodging        | |  3.8
Stealth        | |  1.6

Action                   || total
-------------------------++-------
Melee: Mace              ||    48
       Headbutt          ||    10
  Use: Scroll            ||     1
 Stab: Sleeping          ||     2
Armor: Ring mail         ||    10
Dodge: Dodged            ||    25

Table legend:
 A = Non-vault XP
 B = Vault XP
 C = Vault XP percentage of total XP
 D = Non-vault monster count
 E = Vault monster count
 F = Vault count percentage of total count
                 A         B        C        D         E       F
            +---------+---------+-------+---------+---------+-------
      Total |      58 |       4 |   6.5 |      20 |       2 |   9.1
            +---------+---------+-------+---------+---------+-------
        D:1 |       4 |       0 |   0.0 |       3 |       0 |   0.0
        D:2 |      34 |       0 |   0.0 |      13 |       0 |   0.0
        D:3 |      18 |       4 |  18.2 |       3 |       2 |  40.0
        D:4 |       2 |       0 |   0.0 |       1 |       0 |   0.0
            +---------+---------+-------+---------+---------+-------
